Cogmind - Beta 11.1 @@@ ROGUE MODE // 2022.06.03 @ 18:30:08 Player: zaccheus Result: Destroyed by P-70 Sage with High-powered Shock Rifle Performance ------------- Evolutions (5) 2500 Regions Visited (8) 1600 Robots Destroyed (55) 275 Value Destroyed (1515) 1515 Prototype IDs (3) 60 Alien Tech Used (0) 0 Bonus (1066) 1066 TOTAL SCORE: 7016 Bonus ------- High Alert Combat Kills 52 Follower Combat Kills 610 Met Imprinter 300 Was Imprinted 300 Friendly Fire -196 Cogmind --------- Core Integrity 0/1000 Matter 46/300 Energy 65/100 System Corruption 14% Temperature Cool (0) Movement Core (50) Location -5/Upper Caves Parts ------- > --- POWER (1) -------- (None) > --- PROPULSION (4) --- (None) > --- UTILITY (7) ------ Advanced Cooling System Improved Hacking Suite > --- WEAPON (5) ------- (None) > --- INVENTORY (5) ---- Advanced Particle Charger Hacking Drone Bay (1/1) Gatling Laser Magnetic Acceleration Cannon GAL Module Peak State ------------ > --- POWER ------------ Angular Momentum Engine > --- PROPULSION ------- Flexi-carbon Leg Flexi-carbon Leg Flexi-carbon Leg Improved VSS Leg > --- UTILITY ---------- Power Amplifier Medium Storage Unit Energy Well 0b10 Decoder Chip [Generic] Advanced Targeting Computer Recoil Nullifier Force Field > --- WEAPON ----------- Coil Gun Enhanced Gauss Cannon Enhanced Gauss Cannon Enhanced Gauss Cannon Scatter Rocket Array > --- INVENTORY -------- Angular Momentum Engine Advanced Particle Charger Drone Bay Hacking Drone Bay Gatling Laser Plasma Rifle Magnetic Acceleration Cannon GAL Module [Rating: 88] Favorites ----------- Power Angular Momentum Engine Engine Angular Momentum Engine Propulsion Titanium Leg Leg Titanium Leg Utility Medium Storage Unit Device Sensor Array Storage Medium Storage Unit Processor 0b10 Decoder Chip [Generic] Hackware Improved Hacking Suite Protection Medium Armor Plating Weapon Particle Gun Energy Gun Particle Gun Ballistic Gun Coil Gun Ballistic Cannon Enhanced Gauss Cannon Launcher Rocket Launcher Piercing Weapon CR-A16's Pointy Stick Build | -11 -10 -9 -9 -7 -6 -6 -5 -5 ------- Run | Scr Mat Mat Min Zio Pro Fac Fac Upp Slots Evolved 10 | . . 2 . . . 6 2 . Power . | . . . . . . . . . Propulsion 2 | . . 1 . . . 1 . . Utility 5 | . . 1 . . . 2 2 . Weapon 3 | . . . . . . 3 . . Parts Attached 68 | 6 9 10 3 4 6 17 10 3 Power 5 | 1 . 1 1 . 1 . . 1 Engine 5 | 1 . 1 1 . 1 . . 1 Core . | . . . . . . . . . Reactor . | . . . . . . . . . Propulsion 17 | 2 1 4 . 1 2 6 1 . Treads . | . . . . . . . . . Leg 17 | 2 1 4 . 1 2 6 1 . Wheel . | . . . . . . . . . Hover . | . . . . . . . . . Flight . | . . . . . . . . . Utility 20 | 1 3 2 . 2 1 5 4 2 Device 12 | . 2 1 . 2 . 3 3 1 Storage 4 | 1 1 . . . . 1 1 . Processor 2 | . . . . . 1 1 . . Hackware 1 | . . . . . . . . 1 Protection 1 | . . 1 . . . . . . Artifact . | . . . . . . . . . Weapon 26 | 2 5 3 2 1 2 6 5 . Energy Gun 13 | 1 4 3 1 . 1 2 1 . Energy Cannon . | . . . . . . . . . Ballistic Gun 3 | 1 1 . . . . 1 . . Ballistic Cannon 4 | . . . . . . 1 3 . Launcher 5 | . . . 1 1 1 1 1 . Special Weapon . | . . . . . . . . . Impact Weapon . | . . . . . . . . . Slashing Weapon . | . . . . . . . . . Piercing Weapon 1 | . . . . . . 1 . . Special Melee Weapon . | . . . . . . . . . Unidentified Prototypes 3 | . . . . 1 . 2 . . Parts Lost 9 | . . 3 1 . 2 1 . 2 Power 3 | . . 1 1 . . . . 1 Propulsion 1 | . . . . . 1 . . . Utility 2 | . . 1 . . 1 . . . Weapon 3 | . . 1 . . . 1 . 1 Highest Loss Streak 2 | . . 1 1 . 1 1 . 2 To Critical Strikes . | . . . . . . . . . Average Slot Usage (%) 91 | . 94 100 94 88 98 92 99 25 Engine 5 | . 14 11 5 . 9 6 5 1 Leg 29 | . 28 33 33 33 32 25 23 5 Device 16 | . 10 13 22 22 17 11 16 5 Storage 9 | . 14 11 11 11 11 5 11 2 Processor 4 | . . . . . 4 12 11 2 Energy Gun 17 | . 24 22 18 20 15 16 5 . Ballistic Gun 1 | . 2 . . . . 3 5 . Ballistic Cannon 1 | . . . . . . . 13 4 Launcher 1 | . . . 3 1 6 2 2 1 Piercing Weapon 1 | . . . . . . 5 . . Naked Turns 107 | . . . . . . . . 107 Heaviest Build 77 | 12 16 29 22 19 32 59 77 77 Greatest Support 83 | 20 20 37 37 37 49 83 83 75 Greatest Overweight (x) 1 | . . . . . . . 1 1 Average Overweight (x) . | . . . . . . . . . Largest Inventory Capacity 10 | 8 10 10 10 10 10 10 10 10 Average Capacity 9 | 6 8 10 10 10 10 9 10 6 Most Carried 10 | 3 10 10 9 10 10 10 10 8 Average Carried 8 | 1 6 8 8 9 9 7 8 5 Final Capacity 10 | 8 10 10 10 10 10 10 10 5 Final Carried 10 | 2 10 9 9 10 9 10 8 5 Class Distribution -------------------- 69% | Scavenger-Mutant 16% | Scavenger-Gunner 11% | Mutant Dominant Class ---------------- Mutant | -10/Materials Scavenger-Mutant | -9/Materials Scavenger-Mutant | -9/Mines Scavenger-Mutant | -7/Zion Scavenger-Mutant | -6/Proximity Caves Scavenger-Gunner | -6/Factory Gunner | -5/Factory Mutant | -5/Upper Caves Resources | -11 -10 -9 -9 -7 -6 -6 -5 -5 ----------- Run | Scr Mat Mat Min Zio Pro Fac Fac Upp Matter Collected 1315 | 232 208 115 44 79 211 211 156 59 Remotely . | . . . . . . . . . Salvage Created 2034 | . 595 716 44 . 140 293 246 . Parts 113 | . 32 40 . . 6 19 16 . Haulers Intercepted 2 | . 1 1 . . . . . . Recyclers Shooed 4 | . 3 1 . . . . . . Parts Field Recycled . | . . . . . . . . . Retrieved Matter . | . . . . . . . . . Parts Self-Destructed 7 | . . . . . 5 . . 2 Prevented 4 | . . . . . 4 . . . Kills | -11 -10 -9 -9 -7 -6 -6 -5 -5 ------- Run | Scr Mat Mat Min Zio Pro Fac Fac Upp Combat Hostiles Destroyed 30 | . 7 9 2 . 3 6 3 . Guns 23 | . 7 9 . . . 5 2 . Cannons 1 | . . . . . . . 1 . AOE 5 | . . . 2 . 3 . . . Classes Destroyed 12 | . 5 1 . . 2 2 2 . Worker 2 | . . . . . . 1 1 . Builder 5 | . . . . . . 2 3 . Hauler 2 | . 1 1 . . . . . . Recycler 8 | . 4 3 . . . . 1 . Watcher 7 | . 2 1 . . . 2 2 . Swarmer 7 | . 3 . . . . 4 . . Grunt 14 | . 4 6 2 . 2 . . . Duelist 1 | . . . . . 1 . . . Sentry 5 | . . 3 . . . 2 . . Hunter 1 | . . . . . . . 1 . Programmer 2 | . . . . . . . 2 . Mutant 1 | . . . . . 1 . . . Best Kill Streak 5 | . 3 5 2 . 3 4 3 . Combat Bots Only 3 | . 3 2 2 . 3 2 1 . Max Kills in Single Turn 2 | . 1 1 2 . 2 1 2 . Gunslinging . | . . . . . . . . . Exploded 2 | . . . 2 . 1 . . . Melee . | . . . . . . . . . Uniques/NPCs Destroyed . | . . . . . . . . . Combat | -11 -10 -9 -9 -7 -6 -6 -5 -5 -------- Run | Scr Mat Mat Min Zio Pro Fac Fac Upp Damage Taken 3428 | . 317 554 47 . 111 397 631 1371 Core 1210 | . 63 62 . . 18 59 39 969 Absorbed by Shields 553 | . . . . . . 99 301 153 Regen/Repaired (Parts) 298 | . . 137 . . . 161 . . Core Remaining (%) 86 | 100 74 . . . 80 93 . . Volleys Fired 147 | . 42 49 8 2 10 21 12 3 Largest 5 | . 2 2 2 2 1 4 5 2 Hottest 276 | . 80 130 98 98 33 240 276 87 Shots Fired 316 | . 72 98 16 4 10 62 49 5 Gun 265 | . 72 98 8 2 . 61 22 2 Cannon 31 | . . . . . . 1 27 3 Launcher 20 | . . . 8 2 10 . . . Special . | . . . . . . . . . Kinetic 59 | . 4 . . . . 10 40 5 Thermal 208 | . 68 69 8 2 . 52 9 . Explosive 20 | . . . 8 2 10 . . . Electromagnetic 29 | . . 29 . . . . . . Robot Hit Streak 14 | . 14 10 11 . 2 8 7 3 Robot Miss Streak 5 | . 5 4 2 . 1 2 2 1 Penetration Max 1 | . . . . . . . . 1 Secondary Targets 1 | . . 1 . . . . . . Max Gunslinging Chain 1 | . . 1 . . . . . . Shots Hit Robots 194 | . 47 69 3 . 4 36 32 3 Core Hits 107 | . 25 28 3 . 13 21 14 3 Critical Kills . | . . . . . . . . . Critical Parts Destroyed . | . . . . . . . . . Critical Strikes 6 | . . . . . . 2 4 . Burn 2 | . . . . . . 2 . . Blast 4 | . . . . . . . 4 . Melee Attacks . | . . . . . . . . . Impact . | . . . . . . . . . Slashing . | . . . . . . . . . Piercing . | . . . . . . . . . Sneak Attacks . | . . . . . . . . . Combat Hostiles . | . . . . . . . . . Follow-up Attacks . | . . . . . . . . . Damage Inflicted 4372 | . 539 899 213 . 560 688 1349 124 Guns 2439 | . 537 899 29 . . 662 266 46 Cannons 737 | . . . . . . 26 644 67 Explosions 1183 | . . . 184 . 560 . 439 . Melee . | . . . . . . . . . Ramming 13 | . 2 . . . . . . 11 Kinetic 1055 | . 55 . . . . 110 777 113 Thermal 1873 | . 482 651 29 . . 578 133 . Explosive 1183 | . . . 184 . 560 . 439 . Electromagnetic 248 | . . 248 . . . . . . Impact . | . . . . . . . . . Slashing . | . . . . . . . . . Piercing . | . . . . . . . . . Highest Corruption 14 | . 1 . . . . . 9 14 Average Corruption 4 | . 1 . . . . . 6 12 Corruption Purged . | . . . . . . . . . Corruption Blocked . | . . . . . . . . . Effects 24 | . 4 . . . . . 12 8 Message Errors 5 | . 1 . . . . . 2 2 Matter Fused 6 | . . . . . . . 4 2 Heat Flow Errors 2 | . . . . . . . . 2 Energy Discharges 2 | . 1 . . . . . 1 . Parts Rejected 1 | . 1 . . . . . . . Data Loss (minor) 4 | . 1 . . . . . 1 2 Misfires 2 | . . . . . . . 2 . Alerts 1 | . . . . . . . 1 . Weapon Failures 1 | . . . . . . . 1 . Overload Shots . | . . . . . . . . . Overflow Damage 91 | . . . 18 . . . 73 . Projectiles 18 | . . . . . . . 18 . Explosions 73 | . . . 18 . . . 55 . Melee . | . . . . . . . . . Knockbacks 11 | . . . . . . . 9 2 Impact . | . . . . . . . . . Kinetic 10 | . . . . . . . 8 2 Secondary 1 | . . . . . . . 1 . Self-Inflicted Damage 147 | . . . 47 . 1 . 94 5 Shots 4 | . . . 2 . 1 . 1 . Rammed 4 | . . . . . . . . 4 Targets Rammed 5 | . 1 . . . . . . 4 Kicked 1 | . 1 . . . . . . . Crushed . | . . . . . . . . . Highest Temperature 401 | . 54 72 . . 7 401 362 259 Average Temperature 90 | . 28 26 . . 4 137 112 120 Received Heat Transfer 888 | . 156 309 . . 54 68 . 301 Effects 4 | . . . . . . 1 2 1 Interference 2 | . . . . . . . 1 1 Matter Decay 1 | . . . . . . 1 . . Short Circuit 1 | . . . . . . . 1 . Siege Activations . | . . . . . . . . . Robots Corrupted . | . . . . . . . . . Combat Hostiles . | . . . . . . . . . Parts Fried 1 | . . 1 . . . . . . Impact Corruptions . | . . . . . . . . . Robots Melted 1 | . . . . . . 1 . . Combat Hostiles 1 | . . . . . . 1 . . Parts Melted 6 | . 1 1 . . . 4 . . Heat Transferred 4459 | . 1100 1502 74 . . 1509 274 . Parts Sabotaged . | . . . . . . . . . Parts Stolen . | . . . . . . . . . Parts Stripped . | . . . . . . . . . Power Chain Reactions . | . . . . . . . . . Missiles Intercepted . | . . . . . . . . . Alert | -11 -10 -9 -9 -7 -6 -6 -5 -5 ------- Run | Scr Mat Mat Min Zio Pro Fac Fac Upp Peak Influence 663 | . 199 211 221 . . 663 604 . Initial 283 | . . 15 82 . . . 283 . Average 164 | . 54 101 152 . . 155 437 . Maximum Alert Level 2 | . . 1 1 . . 2 2 . Low Security (%) 70 | 100 100 92 54 . . 73 . . Level 1 12 | . . 7 45 . . 8 37 . Level 2 16 | . . . . . . 17 62 . Level 3 . | . . . . . . . . . Level 4 . | . . . . . . . . . Level 5 . | . . . . . . . . . High Security . | . . . . . . . . . Max Security . | . . . . . . . . . Squads Dispatched 9 | . . 2 . . . 3 4 . Investigation 3 | . . 2 . . . 1 . . Extermination 3 | . . . . . . 2 1 . Reinforcement 2 | . . . . . . . 2 . Assault 1 | . . . . . . . 1 . Garrison . | . . . . . . . . . Intercept . | . . . . . . . . . Searches Triggered . | . . . . . . . . . Construction Impeded 1 | . . . . . . . 1 . Haulers Reinforced . | . . . . . . . . . Active Scanning Responses . | . . . . . . . . . Cargo Convoy Interrupts . | . . . . . . . . . Stealth | -11 -10 -9 -9 -7 -6 -6 -5 -5 --------- Run | Scr Mat Mat Min Zio Pro Fac Fac Upp Distress Signals 4 | . 2 2 . . . . . . Communications Jammed . | . . . . . . . . . Distress Signals . | . . . . . . . . . Times Spotted 80 | . 13 19 2 . 8 15 6 17 Peak Tracking Total 12 | . 4 5 2 . 4 4 3 12 Tactical Retreats 5 | . . . . . 1 . . 4 Traps | -11 -10 -9 -9 -7 -6 -6 -5 -5 ------- Run | Scr Mat Mat Min Zio Pro Fac Fac Upp Traps Triggered 3 | . 1 2 . . . . . . Indirectly . | . . . . . . . . . Trap Hack Attempts . | . . . . . . . . . Triggered . | . . . . . . . . . Disarmed . | . . . . . . . . . Reprogrammed . | . . . . . . . . . Reused . | . . . . . . . . . Traps Extracted . | . . . . . . . . . Installed . | . . . . . . . . . Triggered 1 | . . . . . 1 . . . Machines | -11 -10 -9 -9 -7 -6 -6 -5 -5 ---------- Run | Scr Mat Mat Min Zio Pro Fac Fac Upp Machines Disabled 10 | . . 1 1 . . 3 5 . Max in Single Turn 2 | . . 1 1 . . . 2 . Machines Sabotaged . | . . . . . . . . . Garrisons Compromised . | . . . . . . . . . Overloaded Fab Kills . | . . . . . . . . . Hacking | -11 -10 -9 -9 -7 -6 -6 -5 -5 --------- Run | Scr Mat Mat Min Zio Pro Fac Fac Upp Machines Accessed 8 | . 3 4 . . . 1 . . Terminals 3 | . 2 1 . . . . . . Fabricators . | . . . . . . . . . Repair Stations 2 | . . 1 . . . 1 . . Recycling Units 1 | . 1 . . . . . . . Scanalyzers 2 | . . 2 . . . . . . Garrison Access . | . . . . . . . . . Total Hacks 31 | . 5 22 . . . 4 . . Successful 26 | . 4 18 . . . 4 . . Failed 5 | . 1 4 . . . . . . Catastrophic . | . . . . . . . . . Database Lockouts . | . . . . . . . . . Manual 14 | . . . . 8 . 6 . . Terminals 8 | . 4 4 . . . . . . Fabricators . | . . . . . . . . . Repair Stations 12 | . . 8 . . . 4 . . Recycling Units 1 | . 1 . . . . . . . Scanalyzers 10 | . . 10 . . . . . . Garrison Access . | . . . . . . . . . Terminal Hacks 5 | . 3 2 . . . . . . Record 1 | . . 1 . . . . . . Robot Analysis 1 | . . 1 . . . . . . Alert Level 1 | . 1 . . . . . . . Registered Components 1 | . 1 . . . . . . . Zone Layout 1 | . 1 . . . . . . . Fabricator Hacks . | . . . . . . . . . Repair Station Hacks 12 | . . 8 . . . 4 . . Scan Component 6 | . . 4 . . . 2 . . Repair 6 | . . 4 . . . 2 . . Recycling Unit Hacks 1 | . 1 . . . . . . . Retrieve Components 1 | . 1 . . . . . . . Scanalyzer 8 | . . 8 . . . . . . Insert Component 4 | . . 4 . . . . . . Analyze 4 | . . 4 . . . . . . Garrison Access Hacks . | . . . . . . . . . Unauthorized Hacks . | . . . . . . . . . Terminals . | . . . . . . . . . Fabricators . | . . . . . . . . . Repair Stations . | . . . . . . . . . Recycling Units . | . . . . . . . . . Scanalyzers . | . . . . . . . . . Garrison Access . | . . . . . . . . . Data Cores Recovered . | . . . . . . . . . Used . | . . . . . . . . . Hacking Detections 4 | . 1 3 . . . . . . Full Trace Events . | . . . . . . . . . Feedback Events . | . . . . . . . . . Feedback Blocked . | . . . . . . . . . Robot Schematics Acquired 2 | . . . . 2 . . . . Robots Built . | . . . . . . . . . Authchips . | . . . . . . . . . Time . | . . . . . . . . . Total Robot Build Rating . | . . . . . . . . . Part Schematics Acquired 18 | . . 4 . 14 . . . . Parts Built . | . . . . . . . . . Authchips . | . . . . . . . . . Time . | . . . . . . . . . Total Part Build Rating . | . . . . . . . . . Parts Repaired 6 | . . 4 . . . 2 . . Time 168 | . . 104 . . . 64 . . Parts Recycled . | . . . . . . . . . Recycled Matter . | . . . . . . . . . Retrieved Matter . | . . . . . . . . . Retrieved Components 9 | . 9 . . . . . . . Parts Scanalyzed 4 | . . 4 . . . . . . Part Schematics Acquired 4 | . . 4 . . . . . . Parts Damaged 1 | . . 1 . . . . . . Bothacking | -11 -10 -9 -9 -7 -6 -6 -5 -5 ------------ Run | Scr Mat Mat Min Zio Pro Fac Fac Upp Used RIF Installer . | . . . . . . . . . Robots Hacked . | . . . . . . . . . Non-combat . | . . . . . . . . . Combat . | . . . . . . . . . Robot Hacks Applied . | . . . . . . . . . Relay Couplers Released . | . . . . . . . . . Fabnet Peak Effective % . | . . . . . . . . . Robots Rewired . | . . . . . . . . . Allies Hacked . | . . . . . . . . . Hacks Repelled . | . . . . . . . . . Allies | -11 -10 -9 -9 -7 -6 -6 -5 -5 -------- Run | Scr Mat Mat Min Zio Pro Fac Fac Upp Total Allies 9 | . . . . 6 . 3 . . Largest Group 6 | . . . . 6 6 2 . . Highest-Rated Group 219 | . . . . 219 219 192 . . Highest-Rated Ally 96 | . . . . 41 41 96 . . Zionite Dispatches 1 | . . . . . . 1 . . Trap Resupply 1 | . . . . . . 1 . . Total Orders 6 | . . . . . . 6 . . ROAM 1 | . . . . . . 1 . . FOLLOW 1 | . . . . . . 1 . . DROP 1 | . . . . . . 1 . . PICKUP 1 | . . . . . . 1 . . EXPLORE 1 | . . . . . . 1 . . RETURN 1 | . . . . . . 1 . . Ally Attacks 70 | . . . . . 29 41 . . Total Damage 2331 | . . . . . 1006 1325 . . Kills 20 | . . . . . 4 16 . . Allies Corrupted . | . . . . . . . . . Allies Melted 1 | . . . . . 1 . . . Intel | -11 -10 -9 -9 -7 -6 -6 -5 -5 ------- Run | Scr Mat Mat Min Zio Pro Fac Fac Upp Robot Analysis Total 1 | . . 1 . . . . . . Derelict Logs Recovered 3 | . . . . . 1 . . 2 Drone Launches 3 | . . . . . . 3 . . Drone Recoveries 2 | . . . . . . 2 . . Decoded 0b10 Intel 58 | . . . . . . 44 14 . Traps 5 | . . . . . . 3 2 . Emergency Access 3 | . . . . . . 1 2 . Items 43 | . . . . . . 35 8 . Machines 4 | . . . . . . 3 1 . Patrols 1 | . . . . . . 1 . . Guards 2 | . . . . . . 1 1 . Zionite Intel Received 1 | . . . . . . 1 . . Emergency Access 1 | . . . . . . 1 . . Exploration | -11 -10 -9 -9 -7 -6 -6 -5 -5 ------------- Run | Scr Mat Mat Min Zio Pro Fac Fac Upp Turns Passed 7437 | 55 606 602 196 2781 818 1690 488 201 Spaces Moved 3842 | 39 346 228 96 981 585 977 267 323 Core 305 | 4 . . . . . . . 301 Treads . | . . . . . . . . . Legs 3537 | 35 346 228 96 981 585 977 267 22 Wheels . | . . . . . . . . . Hover . | . . . . . . . . . Flight . | . . . . . . . . . Fastest Speed 50 | 50 120 120 123 123 123 110 112 50 Average Speed 118 | 112 120 120 123 123 125 126 130 55 Slowest Speed 187 | 120 120 123 123 123 130 127 187 187 Overloaded Moves . | . . . . . . . . . Propulsion Burnouts . | . . . . . . . . . Robots Hopped . | . . . . . . . . . Cave-ins Triggered . | . . . . . . . . . Exploration Rate (%) 39 | 4 37 37 23 91 77 24 5 61 Regions Visited 8 Branch Regions 4 Pre-discovered Areas 2 | . . . . 2 . . . . Known Exits Taken 1 | . . . . . . . 1 . Unknown Exits Taken 7 | 1 1 1 1 1 1 1 . . Scrap Searched 9 | . . . . 5 1 . . 3 Spaces Dug 85 | . . . 54 11 20 . . . Terrain Destroyed 210 | . . . 73 24 66 2 43 2 Melee . | . . . . . . . . . Projectile 10 | . . . . . . 2 6 2 AOE 200 | . . . 73 24 66 . 37 . Terrain Rammed . | . . . . . . . . . Walls Destroyed . | . . . . . . . . . Machines Disabled . | . . . . . . . . . Actions | -11 -10 -9 -9 -7 -6 -6 -5 -5 --------- Run | Scr Mat Mat Min Zio Pro Fac Fac Upp Total 6436 | 47 463 458 157 2552 655 1387 378 339 Wait 2287 | . 48 155 50 1550 54 343 81 6 Move 3834 | 38 345 227 95 980 584 976 266 323 Hop . | . . . . . . . . . Pick Up 53 | 3 13 11 1 6 . 17 2 . Fast Attach 20 | 5 2 . . 1 2 6 2 2 Attach 22 | 1 1 4 1 . 2 8 4 1 Detach 6 | . . . . . 1 3 2 . Swap 26 | . 6 6 2 3 2 3 4 . Drop 32 | . 5 6 . 6 . 10 5 . Fire 147 | . 42 49 8 2 10 21 12 3 Melee . | . . . . . . . . . Ram 4 | . . . . . . . . 4 Kick 1 | . 1 . . . . . . . Crush . | . . . . . . . . . Escape Stasis . | . . . . . . . . . Rewire 4 | . . . . 4 . . . . Trap . | . . . . . . . . . Miscellaneous . | . . . . . . . . . Route ------- -11/Scrapyard -10/Materials -9/Materials (discovered 3 exits: [*Min x2] / [*Sto]) -9/Mines -7/Zion -6/Proximity Caves -6/Factory -5/Factory -5/Upper Caves (discovered 1 exit: Upp) History --------- Turn | Location | Event 8 | -11/Scrapyard | Discovered new exit (range 15) 56 | -11/Scrapyard | Entered Materials 312 | -10/Materials | Build established: Mutant 431 | -10/Materials | Discovered new exit (range 15) 662 | -10/Materials | Entered another Materials area 662 | -9/Materials | Evolved 2 slots: Propulsion x1, Utility x1 763 | -9/Materials | Discovered new exit (range 16) 794 | -9/Materials | Build established: Scavenger-Mutant 851 | -9/Materials | Repaired Aluminum Leg 880 | -9/Materials | Repaired Aluminum Leg 907 | -9/Materials | Repaired Sml. Laser 933 | -9/Materials | Repaired Aluminum Leg 1181 | -9/Materials | Discovered new exit (range 15) 1260 | -9/Materials | Discovered new exit (range 15) 1264 | -9/Materials | Entered Mines 1336 | -9/Mines | Received a Rocket Launcher from a helpful Derelict 1453 | -9/Mines | A Derelict revealed a hidden shortcut to a safe place 1460 | -9/Mines | Entered Zion 1490 | -7/Zion | Found GAL Module 2123 | -7/Zion | Imprinted 2125 | -7/Zion | Declared Zion's savior 2571 | -7/Zion | Found CR-A16's Pointy Stick 2867 | -7/Zion | Learned location of Armory (-4) 3278 | -7/Zion | Gained Derelict followers 3957 | -7/Zion | Given A8's code to call for help 4068 | -7/Zion | Given the Hacking Drone Bay 4069 | -7/Zion | Found Prototype Device 4069 | -7/Zion | Identified Hacking Drone Bay 4208 | -7/Zion | Discovered new exit (range 10) 4241 | -7/Zion | Entered Proximity Caves 4241 | -6/Proximity Caves | Accompanied by 6 allies 4902 | -6/Proximity Caves | Spotted B-75 Beast 4975 | -6/Proximity Caves | Discovered new exit (range 8) 5059 | -6/Proximity Caves | Entered Factory 5059 | -6/Factory | Evolved 6 slots: Propulsion x1, Utility x2, Weapon x3 5355 | -6/Factory | Zion Trap Resupply teleported in 5708 | -6/Factory | Enhanced Grunt warped into view, answering call for help 5708 | -6/Factory | Enhanced Grunt warped into view, answering call for help 5787 | -6/Factory | Retrieved Zion intel report: Emergency Access 5976 | -6/Factory | Build established: Scavenger-Gunner 6036 | -6/Factory | Repaired Carbon-fiber Leg 6065 | -6/Factory | Repaired Med. Storage Unit 6636 | -6/Factory | Found Prototype Launcher 6637 | -6/Factory | Identified Scatter Rocket Array 6638 | -6/Factory | Terminal network hard line cut 6643 | -6/Factory | Found Scatter Rocket Array 6732 | -6/Factory | Discovered new exit (range 16) 6749 | -6/Factory | Entered another Factory area 6749 | -5/Factory | Evolved 2 slots: Utility x2 6750 | -5/Factory | Identified exit to Upper Caves 7049 | -5/Factory | First assault squad dispatched 7237 | -5/Factory | Entered Upper Caves 7267 | -5/Upper Caves | Learned Factory garrison access intel 7280 | -5/Upper Caves | Attracted the attention of an 0b10 checkpoint 7281 | -5/Upper Caves | Released all parts (16) 7288 | -5/Upper Caves | System corruption reached 10% 7292 | -5/Upper Caves | Core integrity fell below 50% 7348 | -5/Upper Caves | Core integrity fell below 20% 7374 | -5/Upper Caves | Identified exit to Upper Caves 7376 | -5/Upper Caves | Build established: Mutant 7438 | -5/Upper Caves | Destroyed by P-70 Sage with High-powered Shock Rifle Last Messages --------------- 07368_ Z, HJD3UA5CSTWR&HKZRUPF8EHV|A 07368_ Acquired 3 matter. 07371_ 4P-DS2(k) breaks down the debris. 07374_ Acquired derelict log, extracted data. 07380_ Searching scrap... 07380_ Found 19 Matter. 07380_ Found Com. Matter Pod. 07380_ Found 32 Matter. 07380_ Found 20 Matter. 07380_ Acquired 32 matter. 07381_ WAR.Sys disabled. 07382_ Acquired 20 matter. 07388_ Acquired Adv. Cooling System. 07390_ System corrupted: Heat flow error (+132). 07412_ Searching scrap... 07412_ Found Imp. Hacking Suite. 07412_ Found Imp. Reaction Control System. 07412_ Found Imp. Particle Charger. 07412_ Found 21 Matter. 07413_ Acquired Imp. Hacking Suite. Map ----- +----------------------------------------------------+ | | | | | | | | | | | | | ?????????????????????????????????????????????????? | | ?????????????????????????????????????????????????? | | ?????????????????????????????????????????????????? | | ?????????????????????????????????????????????????? | | ?????????????????????????????????????????????????? | | ?????????????????????????????????????????????????? | | ?????????????????????????????????????????????????? | | ?????????????????????????????????????????????????? | | ?????????????????????????????????????????????????? | | ?????????????????????????????????????????????????? | | ?????????????????????????????????????????????????? | | ?????????????????????????????????????????????????? | | ?????????????????????????????????????????????????? | | ?????????????????????????????###?????????????????? | | ????????????????????????###??? ##??###???????????? | | ????????????????????????# #### ### ##??????????? | | ????????????????????????# ## ##?????????? | | ?????????? p ######## #?????????? | | ??????????# p #?????????? # | | ?????????? @ ## #????????? # | | ?????????????????######### ## #???????? # | | ?????????????????????????# #????????? ? | | ?????????????????????????## ##?????### ?? | | ???????????????>??????????# ######## # #??? | | ??????????????????????????## # # #??? | | ???????????????????????????### p #????? | | ?????????????????????????????## ####### # #????? | | ??????????????????????????????###?????## #??### | | ???????????????????????????????????????# #### | | ???????????????????????????????????????# ### | | ???????????????????????????????????????# ## | | ???????????????????????????????????????# | | ???????????????????????????????????????# ## | | ???????????????????????????????????????###### ##? | | ???????????????????????????????????????????# ### | | ??????????????????????????????????????????## | | ??????????????????????????????????????????# | | ??????????????????????????????????????????# | | ??????????????????????????????????????????### | | ????????????????????????????????????????????# | | ????????????????????????????????????????????# | | ???????????????????????????????????????????# | | ??????????????????????????????????????????# | | ?????????????????????????????????????????# ## | +----------------------------------------------------+ Best States ------------- Heat Dissipation 71 Energy Generation 20 Energy Capacity 650 Matter Stores 300 Matter Capacity 300 Sight Range 16 Robot Scan Range 14 Terrain Scan Density 10 Power Amplification 20 Armor Coverage 225 Evasion (%) 55 Targeting Accuracy 8 Recoil Reduction 6 Offensive Hacking 12 Item Schematics ----------------- Aluminum Leg | -9/Materials | Scanalyzed Titanium Leg | -9/Materials | Scanalyzed Mni. Grenade Launcher | -9/Materials | Scanalyzed Lgt. Deuterium Engine | -9/Materials | Scanalyzed Disruptor Cannon | -7/Zion | Archive Adv. Assault Cannon | -7/Zion | Archive Imp. Medium Treads | -7/Zion | Archive Mak. System Shield | -7/Zion | Archive Phase Cannon | -7/Zion | Archive Energy Filter | -7/Zion | Archive Imp. Trap Scanner | -7/Zion | Archive Imp. Cooling System | -7/Zion | Archive Imp. Core Shielding | -7/Zion | Archive Lightning Gun | -7/Zion | Archive Imp. Shock Absorption System | -7/Zion | Archive Gauss Cannon | -7/Zion | Archive Power Maul | -7/Zion | Archive Bore Cannon | -7/Zion | Archive Robot Schematics ------------------ R-06 Scavenger | -7/Zion | Archive Y-54 Guardian | -7/Zion | Archive Fabricated ------------ Nothing Alien Tech Used ----------------- None Achievements -------------- Decoder Ring Help From High Places I'm Back, Baby! Robot Respite Significant Disruption The More The Merrier The One Challenges ------------ None Game ------ Seed LightpackAssaultReactor Manual? 0 Play Time 01:38:56 Cumulative 15.9 hours Start 2022.06.02 @ 23:19:37 End 2022.06.03 @ 18:30:08 Sessions 3 Manual Loads 0 Difficulty Rogue Special Mode None Game No. 11 Rogue 11 Adventurer 0 Explorer 0 Win Type - Total 0 Types 0/0/0/0/0/0/0/0/0 Lore% 16 Gallery% 17 Achievement% 17 Wizard Run 0 Options --------- ASCII 1 Keyboard 1 Movement Numpad Keybinds 0 Fullscreen 1 Font 24/Proggy Map View 113x50 Tactical HUD 1 Map Filters NONE Filters NONE Steam 1 RUN: 730b218a-642b-41cf-9f14-f2232083c651